 Dungeon Crawl Stone Soup version 0.21.1-1-g345015f (webtiles) character file.

21 Goblin1989 the Vexing (level 2, -4/20 HPs)
             Began as a Demonspawn Enchanter on Mar 2, 2018.
             Slain by a worm (12 damage)
             ... on level 2 of the Dungeon.
             The game lasted 00:02:48 (719 turns).

Goblin1989 the Vexing (Demonspawn Enchanter)         Turns: 719, Time: 00:02:49

Health: -4/20      AC:  2    Str:  8    XL:     2   Next: 65%
Magic:  1/5        EV: 12    Int: 16    God:
Gold:   46         SH:  0    Dex: 13    Spells: 2/5 levels left

rFire    . . .     SeeInvis .   a - +1 dagger
rCold    . . .     Gourm    .   (no shield)
rNeg     . . .     Faith    .   b - +0 robe
rPois    .         Spirit   .   (no helmet)
rElec    .         Reflect  .   (no cloak)
rCorr    .         Harm     .   (no gloves)
MR       .....                  (no boots)
Stlth    ++........             (no amulet)
HPRegen  0.06/turn              (no ring)
MPRegen  0.09/turn              (no ring)

@: no status effects
A: claws 1
a: no special abilities


You were on level 2 of the Dungeon.
You were not hungry.

You visited 1 branch of the dungeon, and saw 2 of its levels.

You collected 46 gold pieces.

Inventory:

Hand Weapons
 a - a +1 dagger (weapon)
Armour
 b - a +0 robe (worn)
Scrolls
 f - a scroll of teleportation {unknown}
 g - a scroll of enchant armour {unknown}
 h - a scroll of identify {unknown}
 j - a scroll of blinking {unknown}
Books
 c - a book of Maledictions

   Spells                             Type                      Level
   a - Corona                         Hexes                        1
   b - Ensorcelled Hibernation        Hexes/Ice                    2
   c - Confuse                        Hexes                        3
   d - Tukima's Dance                 Hexes                        3
   e - Dazzling Spray                 Conjuration/Hexes            3
Comestibles
 e - a ration
 k - 3 chunks of flesh


   Skills:
 + Level 0.5 Fighting
 - Level 1.2 Short Blades
 + Level 2.0 Dodging
 + Level 2.9 Stealth
 * Level 0.5 Unarmed Combat
 + Level 2.1 Spellcasting
 + Level 3.1 Hexes


You had 2 spell levels left.
You knew the following spells:

 Your Spells              Type           Power        Failure   Level  Hunger
a - Corona                Hex            ##.....      5%          1    #......
z - Ensorcelled Hibernat  Hex/Ice        #.....       16%         2    ###....


Dungeon Overview and Level Annotations

Branches:
Dungeon (2/15)

Altars:


Innate Abilities, Weirdness & Mutations

You have sharp fingernails.


Message History

There is a stone staircase leading up here.
Casting: Corona
Confirm with . or Enter, or press ? or * to list all spells.
Aiming: Corona
Press: ? - help, Shift-Dir - straight line, f - goblin
Aim: a goblin (severely wounded, chance to defeat MR: 64%)
The goblin is outlined in light.
The goblin barely misses you.
You now have 4/5 mp.
You barely miss the goblin.
The goblin is severely wounded.
The goblin hits you.
* * * LOW HITPOINT WARNING * * *
You take 2 damage, and have 8/20 hp.
You closely miss the goblin.
The goblin is severely wounded.
The goblin barely misses you.
You hit the goblin.
You kill the goblin!
You see here a goblin corpse.
You butcher the goblin corpse.
k - 9 chunks of flesh (gained 3)
You see here a goblin skeleton.
You start resting.
Magic restored.
There is a stone staircase leading up here.
MP restored: 5 You start resting.
Some of the chunks of flesh in your inventory have rotted away. x2
HP restored.
Health restored: 20 You see here a goblin skeleton.
A worm comes into view.
A worm is nearby!
A worm is nearby!
Press: ? - help, v - describe, . - travel The floor.
Casting: Corona
Confirm with . or Enter, or press ? or * to list all spells.
Aiming: Corona
Press: ? - help, Shift-Dir - straight line, f - worm
Aim: a worm (chance to defeat MR: 55%)
The worm is outlined in light.
You now have 4/5 mp.
You hit the worm.
The worm is lightly wounded.
You hit the worm.
The worm is moderately wounded.
The worm misses you.
You hit the worm.
The worm is moderately wounded.
The worm bites you.
You take 6 damage, and have 14/20 hp.
MASSIVE DAMAGE!!
You hit the worm.
The worm is heavily wounded.
You hit the worm.
The worm is severely wounded.
The worm bites you!
* * * LOW HITPOINT WARNING * * *
You take 7 damage, and have 7/20 hp.
MASSIVE DAMAGE!!
You hit the worm but do no damage.
The worm is severely wounded.
You hit the worm.
The worm is severely wounded.
The worm closely misses you.
MP restored: 5
Casting: Corona
Confirm with . or Enter, or press ? or * to list all spells.
Aiming: Corona
Press: ? - help, Shift-Dir - straight line, f/p - worm
Aim: a worm (severely wounded, softly glowing, chance to defeat MR: 55%)
The worm glows brighter.
You now have 4/5 mp.
There is a stone staircase leading up here.
Okay, then.
Memorise Ensorcelled Hibernation, consuming 2 spell levels and leaving 2?
You start memorising the spell.
You continue memorising. x2
You finish memorising.
Spell assigned to 'z'.
Unknown command.
Casting: Corona
Confirm with . or Enter, or press ? or * to list all spells.
Aiming: Ensorcelled Hibernation
Press: ? - help, Shift-Dir - straight line, f/p - worm
Aim: a worm (moderately wounded, softly glowing, hasn't noticed you, chance to defeat MR: 47%)
The worm resists with some effort.
The worm stops glowing.
You now have 3/5 mp.
Casting: Ensorcelled Hibernation
Confirm with . or Enter, or press ? or * to list all spells.
Aiming: Ensorcelled Hibernation
Press: ? - help, Shift-Dir - straight line, f/p - worm
Aim: a worm (lightly wounded, chance to defeat MR: 47%)
The worm looks drowsy...
You now have 1/5 mp.
The helpless worm fails to defend itself.
You puncture the worm!
The worm is heavily wounded.
You hit the worm.
The worm is severely wounded.
The worm bites you!
Ouch! That really hurt!
You die...

██ ...
█.█████
██.....█████
........<..█
..█.█..██.█
█..w.██.█
█.█@███w█
█.█.█.███.█
█.........█
███.███████
█. █. ██


You could see a worm.

Vanquished Creatures
  An adder (D:2)
  A ball python (D:1)
  A giant cockroach (D:1)
  A bat (D:1)
  2 frilled lizards (D:1)
  5 goblins
  2 rats
13 creatures vanquished.

Notes
Turn   | Place    | Note
-------+----------+-------------------------------------------
     0 | D:1      | Goblin1989 the Demonspawn Enchanter began the quest for the Orb.
     0 | D:1      | Reached XP level 1. HP: 13/13 MP: 3/3
    49 | D:1      | You fall through a shaft!
    51 | D:2      | Reached skill level 1 in Short Blades
    51 | D:2      | Gained mutation: You have sharp fingernails. [demonic ancestry]
    51 | D:2      | Reached XP level 2. HP: 19/19 MP: 5/5
   712 | D:2      | Learned a level 2 spell: Ensorcelled Hibernation
   719 | D:2      | Slain by a worm

Skill      XL: |  1  2 |
---------------+-------+-----
Short Blades   | 1 |  1.2
Dodging        | 2 |  2.0
Fighting       | |  0.5
Stealth        | |  2.9
Unarmed Combat | |  0.5
Spellcasting   | |  2.1
Hexes          | |  3.1

Action                   || total
-------------------------++-------
Melee: Dagger            ||    59
 Cast: Corona            ||     6
       Ensorcelled Hiber ||     2
 Stab: Sleeping          ||     3
Armor: Robe              ||    11
Dodge: Dodged            ||    42

Vault maps used:
D:1:      dpeg_arrival_pond
D:2:      first_ration, uniq_terence, uniq_robin
